Map: Ephemeron LE

Players

Mortlock

  • Race: Terran Terran
  • League: Silver
  • Spawn Location: 11:00

A.I. 1 (Very Hard) - Winner!

  • Race: Terran Terran
  • Spawn Location: 5:00

VOD

Have the link to the VOD?

Description

Time

  • Played on: Dec. 23, 2019, 8:32 a.m.
  • Length: 15:56
Show
View Real Time Build Order
Export as new Build Order

Mortlock Terran 

Build Orders:  

Get SALT Encoding   

  12  0:00  SCV  
  13  0:13  SCV  
  14  0:17  Supply Depot  
  14  0:25  SCV  
  15  0:39  SCV  
  15  0:40  Barracks  
  16  0:45  Refinery  
  16  0:51  SCV  
  17  1:03  SCV  
  18  1:15  SCV  
  19  1:28  Orbital Command  
  19  1:30  Barracks Reactor  
  19  1:43  Command Center  
  19  1:53  Supply Depot  
  19  1:56  SCV  
  20  2:08  SCV  
  21  2:09  Barracks  
  21  2:20  SCV  
  21  2:22  Barracks  
  22  2:24  Marine  
  22  2:27  Marine  
  24  2:32  SCV  
  25  2:42  Marine  
  26  2:44  SCV  
  26  2:45  Marine  
  28  2:55  Orbital Command  
  28  2:56  SCV  
  28  2:58  Barracks Tech Lab  
  29  3:08  SCV  
  29  3:10  Barracks Reactor  
  29  3:12  Factory  
  30  3:14  Refinery  
  30  3:20  SCV  
  30  3:24  Supply Depot  
  31  3:27  Marine  
  31  3:28  Marine  
  31  3:32  SCV  
  31  3:34  Stimpack  
  34  3:35  Marine  
  34  3:38  SCV  
  36  3:52  SCV x2  
  36  3:53  Marine x2  
  36  3:54  Marine  
  41  4:01  Factory Reactor, Starport  
  41  4:02  Marine  
  41  4:03  Marine  
  41  4:08  Supply Depot  
  43  4:12  SCV, Marine  
  43  4:15  SCV  
  46  4:18  Marine x2  
  46  4:21  Marine  
  46  4:22  Marine  
  46  4:24  SCV  
  51  4:27  SCV  
  51  4:30  Marine  
  53  4:31  Supply Depot  
  53  4:34  Supply Depot  
  53  4:36  SCV  
  54  4:39  SCV  
  54  4:45  Medivac x2  
  59  4:54  Widow Mine  
  59  4:55  Marine x2  
  59  4:56  Marine  
  59  4:57  Marine  
  59  4:59  Marine  
  66  5:03  Supply Depot  
  66  5:05  SCV  
  67  5:08  SCV  
  67  5:11  Refinery  
  67  5:13  Refinery  
  68  5:15  Widow Mine  
  70  5:23  Barracks  
  70  5:24  Barracks  
  70  5:29  Supply Depot  
  70  5:30  Supply Depot  
  70  5:32  Medivac  
  72  5:44  SCV, Engineering Bay  
  72  5:45  SCV  
  74  5:56  SCV  
  75  5:57  SCV  
  75  6:02  Factory Tech Lab  
  76  6:05  Marine x5  
  76  6:10  Supply Depot x2  
  81  6:12  Terran Infantry Weapons Level 1  
  81  6:14  Barracks  
  81  6:17  Missile Turret  
  81  6:22  Missile Turret  
  81  6:23  Marine  
  81  6:24  Missile Turret  
  82  6:26  Missile Turret  
  82  6:31  Missile Turret x2  
  82  6:36  Missile Turret  
  82  6:40  Marine  
  82  6:41  Marine  
  85  6:47  SCV x2  
  85  6:52  Barracks Reactor  
  85  6:53  Barracks Reactor  
  86  7:02  Supply Depot x2  
  86  7:06  Siege Tank  
  89  7:12  Marine x3  
  89  7:13  Marine  
  93  7:17  Medivac  
  93  7:19  Medivac  
  97  7:30  Engineering Bay  
  97  7:33  Armory  
  97  7:34  Marine x2  
  97  7:35  Marine x2  
  97  7:36  Marine  
  102  8:01  Marine x4  
  102  8:02  Marine x5  
  102  8:05  Supply Depot x2  
  111  8:08  Terran Infantry Armor Level 1  
  111  8:10  Combat Shield  
  111  8:14  Siege Tank  
  111  8:15  Medivac  
  111  8:19  Marine x2  
  114  8:32  Marauder, Marine x5  
  121  8:44  Marine x3  
  121  8:46  Widow Mine  
  126  8:53  Marauder  
  128  9:01  Command Center  
  128  9:07  Widow Mine  
  124  9:30  Siege Tank  
  127  9:37  Factory x2  
  87  10:02  Siege Tank  
  64  10:10  Marine x6  
  64  10:11  Marine x3  
  70  10:21  Factory Tech Lab x2  
  70  10:28  Marine x9  
  71  10:34  Siege Tank  
  82  10:40  Supply Depot  
  82  10:42  Supply Depot  
  82  10:44  Supply Depot  
  82  10:45  Marine  
  82  10:46  Marine  
  82  10:47  Supply Depot  
  84  10:59  Planetary Fortress  
  84  11:04  SCV x2  
  84  11:06  Siege Tank  
  84  11:07  Supply Depot  
  89  11:16  SCV  
  90  11:20  Marine  
  90  11:21  Marine x7  
  90  11:22  Marine  
  99  11:28  Siege Tank  
  102  11:33  Siege Tank  
  105  11:42  Siege Tank  
  108  12:00  Siege Tank  
  111  12:05  Siege Tank  
  114  12:14  Siege Tank  
  95  12:39  Marine x9  
  85  12:56  Marine  
  85  12:57  Marine x8  
  77  13:14  Marine  
  77  13:15  Marine x8  
  82  13:32  Marine  
  82  13:33  Marine x8  
  91  13:35  Refinery  
  91  13:42  SCV x3  
  94  13:50  Marine x6  
  94  13:51  Marine x3  
  94  13:54  SCV x3  
  106  14:08  Marine x3  
  109  14:25  Marine x2  
  109  14:26  Marine x7  
  88  14:38  Medivac x2  
  88  14:43  Marine x7  
  88  14:44  Marine x2  
  101  15:01  Marine x7  
  108  15:08  Medivac x2  
  108  15:13  Marine  
  113  15:14  Marine  
  113  15:18  Marine  
  113  15:19  Marine x5  
  98  15:32  Command Center  
  98  15:33  Marine  
  98  15:34  Marine x2  
  74  15:36  Marine  
  74  15:37  Marine x5  
Show
View Real Time Build Order
Export as new Build Order

A.I. 1 (Very Hard) Terran - Winner!

Build Orders: 2 Factory, Mech 

Get SALT Encoding   

  12  0:00  SCV  
  13  0:13  SCV  
  14  0:18  Supply Depot  
  14  0:25  SCV  
  15  0:40  SCV  
  16  0:44  Barracks  
  16  0:52  SCV  
  17  1:04  SCV  
  18  1:16  SCV  
  19  1:19  Command Center  
  19  1:33  Marine  
  19  1:34  Orbital Command  
  20  1:40  Refinery  
  20  1:51  Marine, Supply Depot  
  21  1:59  SCV  
  22  2:03  Refinery  
  22  2:08  Marine  
  22  2:13  SCV  
  24  2:25  SCV  
  24  2:26  Marine  
  26  2:31  SCV  
  27  2:44  Marine, Orbital Command, Factory  
  27  2:46  SCV  
  29  2:57  Factory  
  29  2:59  SCV  
  29  3:02  Marine  
  31  3:10  SCV  
  31  3:12  SCV  
  33  3:18  Supply Depot  
  33  3:20  Marine  
  33  3:22  SCV  
  33  3:24  SCV  
  36  3:29  Factory Tech Lab  
  36  3:34  SCV  
  36  3:36  SCV  
  36  3:40  Factory Tech Lab  
  38  3:46  SCV  
  38  3:48  SCV  
  40  3:49  Supply Depot  
  40  3:50  Siege Tank  
  43  3:58  SCV  
  43  3:59  Siege Tank  
  43  4:00  SCV  
  48  4:07  Marine  
  48  4:08  Supply Depot  
  49  4:10  SCV  
  49  4:12  SCV  
  49  4:16  Supply Depot  
  51  4:22  Siege Tank  
  51  4:23  SCV  
  55  4:24  SCV  
  56  4:32  Supply Depot  
  56  4:35  SCV, Marine  
  56  4:36  SCV  
  59  4:39  Siege Tank  
  62  4:47  SCV  
  62  4:48  SCV  
  62  4:49  Supply Depot  
  64  4:53  Marine  
  64  4:55  Barracks  
  64  4:59  SCV  
  66  5:00  SCV, Armory  
  66  5:02  Hellion  
  66  5:03  Refinery  
  66  5:05  Refinery  
  69  5:11  Hellion, SCV, Barracks Tech Lab  
  69  5:13  SCV  
  73  5:23  Hellion, SCV  
  73  5:25  Factory  
  73  5:26  SCV  
  77  5:32  Hellion  
  77  5:35  SCV  
  80  5:38  SCV  
  80  5:39  Supply Depot  
  81  5:44  Siege Tank  
  81  5:47  SCV  
  85  5:50  SCV  
  85  5:53  Engineering Bay  
  85  5:54  Hellion  
  88  5:57  Infernal Pre-Igniter  
  88  6:03  Supply Depot  
  88  6:08  Hellion  
  90  6:15  Siege Tank  
  90  6:16  Thor  
  99  6:20  Missile Turret  
  99  6:22  Missile Turret  
  99  6:26  Supply Depot  
  99  6:42  Missile Turret  
  99  6:44  Terran Vehicle Weapons Level 1  
  99  6:45  Barracks  
  99  6:47  Thor  
  99  6:51  Supply Depot  
  105  6:55  Command Center  
  105  7:03  Missile Turret  
  105  7:06  Armory, Factory Tech Lab  
  105  7:17  Siege Tank  
  108  7:24  Missile Turret  
  108  7:28  Siege Tank  
  111  7:36  Barracks  
  111  7:47  Thor  
  111  7:49  Supply Depot  
  116  7:53  Terran Vehicle And Ship Armor Level 1  
  116  8:05  Thor  
  122  8:07  Hellion, SCV x2  
  122  8:08  SCV  
  127  8:19  SCV x2  
  129  8:20  SCV  
  129  8:21  Refinery  
  129  8:23  Missile Turret  
  129  8:25  Missile Turret  
  130  8:28  Hellion  
  130  8:30  Widow Mine, Command Center, Starport  
  130  8:31  SCV, Supply Depot  
  130  8:32  SCV x2  
  136  8:41  Refinery  
  136  8:43  SCV  
  136  8:44  SCV x2  
  136  8:45  Terran Vehicle Weapons Level 2  
  136  8:46  Missile Turret  
  141  8:48  Widow Mine  
  141  8:55  SCV  
  141  8:56  SCV  
  141  8:57  Supply Depot, SCV  
  144  9:05  Hellion  
  144  9:06  Starport Tech Lab  
  144  9:08  SCV x2  
  144  9:09  SCV  
  149  9:16  Missile Turret  
  149  9:19  Engineering Bay  
  149  9:20  SCV  
  149  9:21  Supply Depot  
  149  9:22  Orbital Command  
  149  9:23  Barracks Reactor  
  150  9:24  Viking  
  152  9:32  Barracks Tech Lab, Starport  
  154  9:38  Siege Tank  
  154  9:39  Marine  
  154  9:43  Refinery  
  154  9:44  Hellion, Hi-Sec Auto Tracking  
  154  9:45  Hellion, Marine  
  146  9:50  Marine  
  134  9:54  Raven  
  134  9:57  Marine  
  113  10:00  Planetary Fortress  
  113  10:01  Missile Turret  
  113  10:02  Marine  
  113  10:03  Missile Turret, Marine x2  
  113  10:05  Hellion  
  113  10:06  SCV, Missile Turret  
  120  10:07  Hellion  
  120  10:08  Refinery, Marine, Medivac  
  120  10:10  Hellion  
  125  10:21  SCV  
  125  10:27  Widow Mine, Thor  
  133  10:37  Viking  
  133  10:38  Thor, Viking  
  143  10:48  Hellion  
  143  10:49  Marine  
  146  10:51  Command Center  
  146  10:56  Neosteel Armor  
  146  10:59  Marine  
  146  11:00  Marine  
  146  11:01  Marine  
  149  11:06  Factory, Stimpack  
  149  11:07  Raven  
  149  11:08  Medivac  
  149  11:09  Thor  
  149  11:10  Combat Shield  
  149  11:11  Hellion  
  161  11:28  Supply Depot  
  161  11:29  Terran Infantry Weapons Level 1  
  161  11:31  Hellion  
  163  11:33  Hellion  
  163  11:36  Missile Turret  
  163  11:38  Medivac  
  167  11:43  Marine x3  
  167  11:44  Marine  
  171  11:49  Medivac  
  171  11:51  Supply Depot  
  171  11:52  Thor  
  179  12:04  Liberator, Cyclone  
  179  12:08  Medivac  
  184  12:11  Marauder x2  
  184  12:12  Widow Mine x2  
  192  12:15  Planetary Fortress  
  192  12:16  Refinery, Command Center  
  192  12:20  Liberator  
  195  12:26  Marine x2  
  195  12:27  Marine  
  195  12:29  Missile Turret  
  171  12:31  Missile Turret  
  171  12:32  Marine  
  171  12:33  Marauder, Missile Turret  
  171  12:36  Refinery  
  167  12:37  Terran Infantry Armor Level 1  
  167  12:44  Marine x3  
  152  12:51  Marauder, Widow Mine  
  148  12:53  Marine, Widow Mine  
  145  13:01  Marine, Siege Tank  
  145  13:03  Marine x2, Barracks  
  145  13:04  Viking  
  144  13:08  Terran Vehicle Weapons Level 3  
  144  13:11  Marine  
  144  13:12  Marauder  
  138  13:14  Siege Tank  
  138  13:18  Siege Tank  
  138  13:19  Marine  
  142  13:21  Starport Reactor, Marine  
  142  13:23  Marine  
  144  13:28  Planetary Fortress  
  144  13:30  Marauder  
  144  13:31  Missile Turret  
  144  13:33  Marine, Siege Tank  
  150  13:34  Viking  
  150  13:39  Liberator  
  150  13:40  Liberator, Missile Turret  
  152  13:46  Siege Tank  
  152  13:47  Liberator  
  155  13:51  Marauder  
  155  13:52  Marauder  
  159  13:57  Concussive Shells, Marine  
  159  13:58  Marine, Cyclone  
  159  13:59  Missile Turret, Marine x2  
  172  14:04  Widow Mine  
  172  14:05  Siege Tank  
  172  14:08  Command Center  
  180  14:12  Marine  
  180  14:13  Marauder  
  180  14:16  Barracks Tech Lab  
  183  14:18  Widow Mine  
  183  14:20  Marine  
  183  14:21  Marine  
  183  14:22  Marine  
  188  14:30  Marauder, Ghost Academy  
  188  14:31  Siege Tank  
  193  14:35  Marauder  
  195  14:39  Viking  
  197  14:47  Raven  
  199  15:19  Marauder, Ghost  
  199  15:20  Planetary Fortress, Cyclone  
  200  15:23  Marauder, Siege Tank  
  200  15:24  Marine x3, Cyclone  
  163  15:32  Missile Turret  
  156  15:43  Missile Turret  
  156  15:45  Missile Turret  
Tags
 
Composition
Mech
League
Silver
Matchup
TvT
Opening
2 Factory
Race
Terran
Spawn Locations
Cross Positions
Add a new tag
Caveats
  • Supply blocks, unpowered buildings, or Contaminate may cause inaccurate times.
  • Supply counts are checked every 10 seconds.